TOP OF THE 1ST |
Salem Sledgehammers batting - Pitching for Chula Vista Tacos : RHP Kitahachi Ine
|
Pitching: RHP Kitahachi Ine
|
|
Batting: RHB William Richardson
|
0-0: Swinging Strike 0-1: Ball 1-1: Fly out, F4 (Popup, 4D)
|
Batting: RHB Norm Francis
|
0-0: Called Strike 0-1: Fly out, F7 (Flyball, 78S)
|
Batting: SHB Lee Townsend
|
0-0: Called Strike 0-1: Ball 1-1: Ball 2-1: Ball 3-1: Ground out 4-3 (Groundball, 4)
|
Top of the 1st over - 0 run(s), 0 hit(s), 0 error(s), 0 left on base; Salem 0 - Chula Vista 0 |
BOTTOM OF THE 1ST |
Chula Vista Tacos batting - Pitching for Salem Sledgehammers : LHP Carlos Castillo
|
Pitching: LHP Carlos Castillo
|
|
Batting: LHB Noriaki Sangi
|
0-0: Foul Ball, location: 2F 0-1: Hit by Pitch
|
Batting: RHB Doug Brown
|
0-0: SINGLE (Groundball, 2L) (infield hit) Noriaki Sangi to second
|
Batting: RHB Dave O'Neil
|
0-0: Called Strike 0-1: Ball 1-1: Foul Ball, location: 2F 1-2: SINGLE (Line Drive, 78S) Noriaki Sangi to third Doug Brown to second
|
Batting: SHB Adrián Nieto
|
0-0: Foul Ball, location: 2F 0-1: Ball 1-1: Swinging Strike 1-2: Strikes out swinging
|
Batting: LHB José Torres
|
0-0: Foul Ball, location: 2F 0-1: Ball 1-1: Fly out, F3 (Popup, 3SF)
|
Batting: SHB Brian Price
|
0-0: Foul Ball, location: 2F 0-1: Foul Ball, location: 2F 0-2: Foul Ball, location: 2F 0-2: Ball 1-2: Strikes out looking
|
Bottom of the 1st over - 0 run(s), 2 hit(s), 0 error(s), 3 left on base; Salem 0 - Chula Vista 0 |
TOP OF THE 2ND |
Salem Sledgehammers batting - Pitching for Chula Vista Tacos : RHP Kitahachi Ine
|
Batting: SHB Pepe Piña
|
0-0: Called Strike 0-1: Swinging Strike 0-2: Strikes out swinging
|
Batting: SHB Júlio Salazar
|
0-0: Ball 1-0: Ball 2-0: Swinging Strike 2-1: Foul Ball, location: 2F 2-2: Strikes out swinging
|
Batting: LHB José Rivera
|
0-0: Called Strike 0-1: Ball 1-1: Swinging Strike 1-2: Ball 2-2: Strikes out swinging
|
Top of the 2nd over - 0 run(s), 0 hit(s), 0 error(s), 0 left on base; Salem 0 - Chula Vista 0 |
BOTTOM OF THE 2ND |
Chula Vista Tacos batting - Pitching for Salem Sledgehammers : LHP Carlos Castillo
|
Batting: LHB Jaime Icaza
|
0-0: Ball 1-0: Called Strike 1-1: Ball 2-1: Foul Ball, location: 2F 2-2: Strikes out swinging
|
Batting: RHB Luis Martínez
|
0-0: Called Strike 0-1: Ball 1-1: Ball 2-1: Ball 3-1: Base on Balls
|
Batting: RHB Tim Davis
|
0-0: Called Strike 0-1: Called Strike 0-2: Ball 1-2: Ball 2-2: Grounds into double play, 6-4-3 (Groundball, 6)
|
Bottom of the 2nd over - 0 run(s), 0 hit(s), 0 error(s), 0 left on base; Salem 0 - Chula Vista 0 |
TOP OF THE 3RD |
Salem Sledgehammers batting - Pitching for Chula Vista Tacos : RHP Kitahachi Ine
|
Batting: RHB Dale Reeves
|
0-0: Ground out 6-3 (Groundball, 6)
|
Batting: RHB Fernando Pérez
|
0-0: Called Strike 0-1: Called Strike 0-2: Strikes out swinging
|
Batting: RHB Ryan Cates
|
0-0: Ball 1-0: Ball 2-0: Ball 3-0: Called Strike 3-1: Called Strike 3-2: Strikes out swinging
|
Top of the 3rd over - 0 run(s), 0 hit(s), 0 error(s), 0 left on base; Salem 0 - Chula Vista 0 |
BOTTOM OF THE 3RD |
Chula Vista Tacos batting - Pitching for Salem Sledgehammers : LHP Carlos Castillo
|
Batting: LHB Noriaki Sangi
|
0-0: Called Strike 0-1: Ball 1-1: Swinging Strike 1-2: Strikes out swinging
|
Batting: RHB Doug Brown
|
0-0: Ball 1-0: Called Strike 1-1: Foul Ball, location: 2F 1-2: Hit by Pitch
|
Batting: RHB Dave O'Neil
|
0-0: Called Strike 0-1: Ball 1-1: Grounds into double play, U4-3 (Groundball, 4)
|
Bottom of the 3rd over - 0 run(s), 0 hit(s), 0 error(s), 0 left on base; Salem 0 - Chula Vista 0 |
TOP OF THE 4TH |
Salem Sledgehammers batting - Pitching for Chula Vista Tacos : RHP Kitahachi Ine
|
Batting: RHB William Richardson
|
0-0: Swinging Strike 0-1: Foul Ball, location: 2F 0-2: Foul Ball, location: 2F 0-2: Ball 1-2: Foul Ball, location: 2F 1-2: Ball 2-2: Foul Ball, location: 2F 2-2: Foul Ball, location: 2F 2-2: Ball 3-2: Foul Ball, location: 2F 3-2: Foul Ball, location: 2F 3-2: Foul Ball, location: 2F 3-2: SINGLE (Groundball, 4D)
|
Batting: RHB Norm Francis
|
0-0: Ball 1-0: TRIPLE (Flyball, 8LM) William Richardson scores
|
Batting: SHB Lee Townsend
|
0-0: Ball 1-0: Ball 2-0: Called Strike 2-1: SINGLE (Groundball, 3S) Norm Francis scores
|
Batting: SHB Pepe Piña
|
0-0: Ball 1-0: Ball 2-0: Foul Ball, location: 2F 2-1: Swinging Strike 2-2: Ball 3-2: SINGLE (Groundball, 4MD) Lee Townsend to second Lee Townsend to third
|
Batting: SHB Júlio Salazar
|
0-0: Ball Pepe Piña steals 2nd base 1-0: Ball 2-0: Ball 3-0: Base on Balls
|
Batting: LHB José Rivera
|
0-0: Foul Ball, location: 2F 0-1: Ball 1-1: SINGLE (Groundball, 34) Lee Townsend scores Pepe Piña to third Júlio Salazar to second Runner from 3rd tries for Home, SAFE, throw made home Júlio Salazar to third José Rivera to second
|
Batting: RHB Dale Reeves
|
0-0: Foul Ball, location: 2F 0-1: Ball 1-1: Ball 2-1: Foul Ball, location: 2F 2-2: Strikes out swinging
|
Batting: RHB Fernando Pérez
|
0-0: Ball 1-0: Called Strike 1-1: Swinging Strike 1-2: Ball 2-2: Ball 3-2: Base on Balls
|
Batting: RHB Ryan Cates
|
0-0: Grounds into double play, 4-6-3 (Groundball, 4)
|
Top of the 4th over - 4 run(s), 5 hit(s), 0 error(s), 2 left on base; Salem 4 - Chula Vista 0 |
BOTTOM OF THE 4TH |
Chula Vista Tacos batting - Pitching for Salem Sledgehammers : LHP Carlos Castillo
|
Batting: SHB Adrián Nieto
|
0-0: Fly out, F2 (Popup, 2LF)
|
Batting: LHB José Torres
|
0-0: Called Strike 0-1: Ball 1-1: Called Strike 1-2: Ball 2-2: Foul Ball, location: 2F 2-2: Ball 3-2: Foul Ball, location: 2F 3-2: Fly out, F9 (Flyball, 89D)
|
Batting: SHB Brian Price
|
0-0: Ball 1-0: Ball 2-0: Ball 3-0: Called Strike 3-1: Ground out 5-3 (Groundball, 5)
|
Bottom of the 4th over - 0 run(s), 0 hit(s), 0 error(s), 0 left on base; Salem 4 - Chula Vista 0 |
TOP OF THE 5TH |
Salem Sledgehammers batting - Pitching for Chula Vista Tacos : RHP Kitahachi Ine
|
Batting: RHB William Richardson
|
0-0: Swinging Strike 0-1: Foul Ball, location: 2F 0-2: Ball 1-2: Ball 2-2: Strikes out swinging
|
Batting: RHB Norm Francis
|
0-0: Ground out 6-3 (Groundball, 6)
|
Batting: SHB Lee Townsend
|
0-0: Ball 1-0: Ground out 4-3 (Groundball, 4M)
|
Top of the 5th over - 0 run(s), 0 hit(s), 0 error(s), 0 left on base; Salem 4 - Chula Vista 0 |
BOTTOM OF THE 5TH |
Chula Vista Tacos batting - Pitching for Salem Sledgehammers : LHP Carlos Castillo
|
Batting: LHB Jaime Icaza
|
0-0: Foul Ball, location: 2F 0-1: DOUBLE (Groundball, 3L)
|
Batting: RHB Luis Martínez
|
0-0: Ball 1-0: Ball 2-0: Ball 3-0: Base on Balls
|
Batting: RHB Tim Davis
|
0-0: Ball 1-0: Called Strike 1-1: Ball 2-1: Foul Ball, location: 2F 2-2: SINGLE (Flyball, 7LS) Jaime Icaza to third Luis Martínez to second
|
Batting: LHB Noriaki Sangi
|
0-0: Called Strike 0-1: Called Strike 0-2: Ball 1-2: Ball 2-2: Foul Ball, location: 2F 2-2: Foul Ball, location: 2F 2-2: Foul Ball, location: 2F 2-2: Strikes out looking
|
Batting: RHB Doug Brown
|
0-0: SINGLE (Groundball, 56D) (infield hit) Jaime Icaza scores Luis Martínez to third Tim Davis to second
|
Batting: RHB Dave O'Neil
|
0-0: Ball 1-0: Grounds into double play, 4-6-3 (Groundball, 34)
|
Bottom of the 5th over - 1 run(s), 3 hit(s), 0 error(s), 2 left on base; Salem 4 - Chula Vista 1 |
TOP OF THE 6TH |
Salem Sledgehammers batting - Pitching for Chula Vista Tacos : RHP Kitahachi Ine
|
Pitching: LHP Raymond Ritchie
|
|
Batting: SHB Pepe Piña
|
0-0: Ball 1-0: Ball 2-0: Called Strike 2-1: Swinging Strike 2-2: Strikes out swinging
|
Batting: SHB Júlio Salazar
|
0-0: SINGLE (Groundball, 56)
|
Batting: LHB José Rivera
|
0-0: Ground out 5-3 (Groundball, 56S) Júlio Salazar to second
|
Batting: RHB Dale Reeves
|
0-0: Foul Ball, location: 2F 0-1: Foul Ball, location: 2F 0-2: Ball 1-2: Foul Ball, location: 2F 1-2: Foul Ball, location: 2F 1-2: Ball 2-2: Strikes out swinging
|
Top of the 6th over - 0 run(s), 1 hit(s), 0 error(s), 1 left on base; Salem 4 - Chula Vista 1 |
BOTTOM OF THE 6TH |
Chula Vista Tacos batting - Pitching for Salem Sledgehammers : LHP Carlos Castillo
|
Batting: SHB Adrián Nieto
|
0-0: Ground out 5-3 (Groundball, 5S)
|
Batting: LHB José Torres
|
0-0: Ball 1-0: Ball 2-0: Called Strike 2-1: Swinging Strike 2-2: Ball 3-2: Strikes out swinging
|
Batting: SHB Brian Price
|
0-0: Ball 1-0: Ball 2-0: Ball 3-0: Called Strike 3-1: Base on Balls
|
Pitching: LHP Nick Johnson
|
|
Batting: LHB Jaime Icaza
|
0-0: Foul Ball, location: 2F 0-1: Called Strike 0-2: Strikes out swinging
|
Bottom of the 6th over - 0 run(s), 0 hit(s), 0 error(s), 1 left on base; Salem 4 - Chula Vista 1 |
TOP OF THE 7TH |
Salem Sledgehammers batting - Pitching for Chula Vista Tacos : LHP Raymond Ritchie
|
Batting: RHB Fernando Pérez
|
0-0: Ball 1-0: Foul Ball, location: 2F 1-1: Ball 2-1: Ball 3-1: Base on Balls
|
Batting: RHB Ryan Cates
|
0-0: Called Strike 0-1: Fly out, F6 (Popup, 6MD)
|
Batting: RHB William Richardson
|
0-0: Foul Ball, location: 2F 0-1: Swinging Strike 0-2: Ball 1-2: SINGLE (Line Drive, 34D) Fernando Pérez to second
|
Batting: RHB Norm Francis
|
0-0: Swinging Strike 0-1: Ball 1-1: Ball 2-1: Fielders Choice at 2nd, 6-4 (Groundball, 6) Fernando Pérez to third
|
Batting: SHB Lee Townsend
|
0-0: Ball 1-0: Called Strike Norm Francis is caught stealing 2nd base
|
Top of the 7th over - 0 run(s), 1 hit(s), 0 error(s), 0 left on base; Salem 4 - Chula Vista 1 |
BOTTOM OF THE 7TH |
Chula Vista Tacos batting - Pitching for Salem Sledgehammers : LHP Nick Johnson
|
Batting: RHB Luis Martínez
|
0-0: Ball 1-0: Foul Ball, location: 2F 1-1: Ball 2-1: Ball 3-1: Called Strike 3-2: Foul Ball, location: 2F 3-2: Foul Ball, location: 2F 3-2: Base on Balls
|
Batting: RHB Tim Davis
|
0-0: Called Strike 0-1: Swinging Strike 0-2: Fly out, F7 (Flyball, 78M)
|
Batting: LHB Noriaki Sangi
|
0-0: Swinging Strike 0-1: Ball 1-1: Ball 2-1: Ball 3-1: Swinging Strike 3-2: Fly out, F7 (Line Drive, 7M)
|
Batting: RHB Doug Brown
|
0-0: Ball 1-0: Called Strike 1-1: Ball 2-1: Fly out, F8 (Flyball, 8LM)
|
Bottom of the 7th over - 0 run(s), 0 hit(s), 0 error(s), 1 left on base; Salem 4 - Chula Vista 1 |
TOP OF THE 8TH |
Salem Sledgehammers batting - Pitching for Chula Vista Tacos : LHP Raymond Ritchie
|
Pitching: RHP Doug Singleton
|
|
Batting: SHB Lee Townsend
|
0-0: Ball 1-0: Foul Ball, location: 2F 1-1: Ground out 4-3 (Groundball, 4M)
|
Batting: SHB Pepe Piña
|
0-0: Ball 1-0: Ball 2-0: Ball 3-0: Base on Balls
|
Batting: SHB Júlio Salazar
|
0-0: Foul Ball, location: 2F 0-1: Foul Ball, location: 2F 0-2: Strikes out swinging
|
Batting: LHB José Rivera
|
0-0: Called Strike 0-1: Ground out 6-3 (Groundball, 6)
|
Top of the 8th over - 0 run(s), 0 hit(s), 0 error(s), 1 left on base; Salem 4 - Chula Vista 1 |
BOTTOM OF THE 8TH |
Chula Vista Tacos batting - Pitching for Salem Sledgehammers : LHP Nick Johnson
|
Batting: RHB Dave O'Neil
|
0-0: Called Strike 0-1: Ball 1-1: SINGLE (Groundball, 56)
|
Pitching: RHP Rick Haynes
|
|
Batting: SHB Adrián Nieto
|
0-0: DOUBLE (Flyball, 8RM) Dave O'Neil to third
|
Batting: LHB José Torres
|
0-0: Ball 1-0: Called Strike 1-1: Foul Ball, location: 2F 1-2: Strikes out swinging
|
Batting: SHB Brian Price
|
0-0: Ground out 4-3 (Groundball, 4) Dave O'Neil scores Adrián Nieto to third
|
Batting: LHB Jaime Icaza
|
0-0: Called Strike 0-1: Foul Ball, location: 2F 0-2: Foul Ball, location: 2F 0-2: Ball 1-2: Ball 2-2: Ball 3-2: Foul Ball, location: 2F 3-2: Ground out 6-3 (Groundball, 6)
|
Bottom of the 8th over - 1 run(s), 2 hit(s), 0 error(s), 1 left on base; Salem 4 - Chula Vista 2 |
TOP OF THE 9TH |
Salem Sledgehammers batting - Pitching for Chula Vista Tacos : RHP Doug Singleton
|
Batting: RHB Dale Reeves
|
0-0: Ball 1-0: Foul Ball, location: 2F 1-1: Ball 2-1: Foul Ball, location: 2F 2-2: Strikes out swinging
|
Batting: RHB Fernando Pérez
|
0-0: Ball 1-0: Foul Ball, location: 2F 1-1: Ground out 4-3 (Groundball, 4)
|
Batting: RHB Ryan Cates
|
0-0: Fly out, F9 (Flyball, 89M)
|
Top of the 9th over - 0 run(s), 0 hit(s), 0 error(s), 0 left on base; Salem 4 - Chula Vista 2 |
BOTTOM OF THE 9TH |
Chula Vista Tacos batting - Pitching for Salem Sledgehammers : RHP Rick Haynes
|
Pitching: RHP Omar Camacho
|
|
Batting: RHB Luis Martínez
|
0-0: Called Strike 0-1: Foul Ball, location: 2F 0-2: Foul Ball, location: 2F 0-2: Strikes out swinging
|
Batting: RHB Tim Davis
|
0-0: Fly out, F7 (Flyball, 7S)
|
Batting: LHB Noriaki Sangi
|
0-0: Ball 1-0: Foul Ball, location: 2F 1-1: Ball 2-1: Swinging Strike 2-2: Strikes out swinging
|
Bottom of the 9th over - 0 run(s), 0 hit(s), 0 error(s), 0 left on base; Salem 4 - Chula Vista 2 |
|